 Dungeon Crawl Stone Soup version 0.29-a0-872-g797fff5ad1 (console) character file.

Game seed: 13059197300271814972

53 Banquo the Firebug (level 3, -3/21 HPs)
             Began as an Octopode Fire Elementalist on July 19, 2022.
             Killed from afar by Terence (24 damage)
             ... with a bolt of dispelling energy
             ... on level 2 of the Dungeon.
             The game lasted 00:06:25 (1729 turns).

Banquo the Firebug (Octopode Fire Elementalist)     Turns: 1729, Time: 00:06:26

Health: -3/21      AC:  1    Str:  7    XL:     3   Next: 87%
Magic:  6/7        EV: 13    Int: 19    God:
Gold:   48         SH:  0    Dex: 12    Spells: 4/7 levels left

rFire   . . .      SeeInvis .   k - +1 dagger (freeze)
rCold   . . .      Faith    .   (no shield)
rNeg    . . .      Spirit   .   (helmet restricted)
rPois   .          Reflect  .   (no amulet)
rElec   .          Harm     .   (no ring)
rCorr   .          Rampage  .   (no ring)
Will    .....                   (no ring)
Stlth   +++.......              (no ring)
HPRegen 0.07/turn               (no ring)
MPRegen 0.10/turn               (no ring)
                                (no ring)
                                (no ring)

@: no status effects
A: almost no armour, amphibious, 8 rings, camouflage 1, gelatinous body 1,
(nimble swimmer 1), tentacles
a: no special abilities


You were on level 2 of the Dungeon.
You visited 1 branch of the dungeon, and saw 2 of its levels.

You collected 48 gold pieces.

Inventory:

Hand Weapons
 b - a +0 dagger
 k - a +1 dagger of freezing (weapon)
Missiles
 c - 7 stones
 h - 2 silver boomerangs
Scrolls
 e - a scroll of teleportation {unknown}
 g - a scroll of magic mapping {unknown}
Potions
 a - a potion of magic
 d - a potion of cancellation {unknown}
 f - a potion of mutation {unknown}
 i - a potion of attraction {unknown}
 j - a potion of curing {unknown}


   Skills:
 + Level 2.1 Dodging
 + Level 3.0 Stealth
 * Level 2.8 Spellcasting
 * Level 1.3 Conjurations
 * Level 3.6 Fire Magic


You had 4 spell levels left.
You knew the following spells:

 Your Spells              Type           Power      Damage    Failure   Level
b - Scorch                Fire           32%        2d7       5%          2
z - Foxfire               Conj/Fire      48%        2x1d6     5%          1

Your spell library contained the following spells:

 Spells                   Type           Power      Damage    Failure   Level
 Conjure Flame            Conj/Fire      12%        6-21      17%         3
 Inner Flame              Hex/Fire       9%         N/A       22%         3
 Flame Wave               Conj/Fire      12%        2d6       50%         4


Dungeon Overview and Level Annotations

Branches:
Dungeon (2/15)

Altars:

Shops:
D:1 (

Annotations:
D:2 Terence


Innate Abilities, Weirdness & Mutations

You cannot wear most types of armour.
You are amphibious.
You can wear up to eight rings at the same time.
Your skin changes colour to match your surroundings (Stealth+).
Your rubbery body absorbs attacks. (AC +1, EV +1)
((You are camouflaged when in or above water. (Stealth+)))
You have tentacles for arms and can constrict up to eight enemies at once.


Message History

Casting: Foxfire (safe; 6% risk of failure)
Confirm with . or Enter, or press ? or * to list all spells.
You conjure some foxfire!
The adder hisses angrily.
Casting: Foxfire (safe; 6% risk of failure)
Confirm with . or Enter, or press ? or * to list all spells.
You conjure some foxfire!
The foxfire hits the adder.
The adder is heavily wounded.
The foxfire hits the adder.
You kill the adder!
Your foxfire dissipates! x2
Magic restored.
You see here a bat corpse.
You now have 48 gold pieces (gained 8).
A bat comes into view.
Casting: Scorch (safe; 5% risk of failure)
Press: ? - help, Q - select action, (/) - cycle Dir - look around, f - activate Flames lash the bat.
The bat is heavily wounded.
The bat's fire resistance burns away.
The bat barely misses you.
Terence the Incautious comes into view.
He is wielding a +0 flail of holy wrath and carrying a wand of quicksilver (11).
Unknown command.
The bat barely misses you. The bat attacks as you move away!
The bat misses you.
The bat is no longer more vulnerable to fire.
The bat hits you but does no damage. The bat completely misses you.
The bat closely misses you.
Casting: Scorch (safe; 5% risk of failure)
Press: ? - help, Q - select action, (/) - cycle Dir - look around, f - activate Flames lash the bat.
You kill the bat!
You hear a shout!
Terence says, "How do you enjoy it?"
Terence zaps a wand.
The bolt of dispelling energy hits you!!
Ouch! That really hurt!
You die...

#.#########.......# #. ##
#.......#### # ..
..######.....@....# .#
##. ........#@####....#
..## ........#.#
#....###...# .......†#.#
#####...# ........#.#
####...# ........#.#
#.#....#
........#@#####.#....##..
................#........
............###.#....###.
####<.......# #......#
#####....# ###....#
#....# ##...#
####.########## #.......#
##.####.######


You could see Terence.

Vanquished Creatures
  2 adders (D:2)
  A dart slug (D:1)
  6 bats
  8 endoplasms (D:1)
  2 goblins (D:1)
  2 hobgoblins (D:1)
  5 kobolds
  5 ball pythons (D:1)
  2 rats
33 creatures vanquished.

Vanquished Creatures (others)
  64 foxfires
64 creatures vanquished.

Grand Total: 97 creatures vanquished

Notes
Turn   | Place    | Note
-------+----------+-------------------------------------------
     0 | D:1      | Banquo the Octopode Fire Elementalist began the quest for
                  | the Orb.
     0 | D:1      | Reached XP level 1. HP: 11/11 MP: 3/3
   212 | D:1      | Reached XP level 2. HP: 17/17 MP: 1/5
   305 | D:1      | Learned a level 2 spell: Scorch
   341 | D:1      | Found Ywiawn's Weapon Emporium.
   626 | D:1      | Found a faded altar of an unknown god.
  1081 | D:1      | Reached XP level 3. HP: 21/21 MP: 2/6
  1692 | D:2      | Noticed Terence
  1729 | D:2      | Killed from afar by Terence

Illustrated notes

Levels and vault maps discovered:
D:1:      sevenhm_arrival_forest_fort_large_4, layout_rooms, serial_shops,
          nicolae_shop_trees, dreamdust_ecumenical_altar_angels_and_demons,
          minmay_tiny_reverse_x
D:2:      layout_basic, uniq_terence, uniq_natasha

Skill      XL: |  1  2 |
---------------+-------+-----
Stealth        | 3 |  3.0
Dodging        | |  2.1
Spellcasting   | |  2.8
Conjurations   | |  1.3
Fire Magic     | |  3.6

Action                   || total
-------------------------++-------
Melee: Tentacles         ||     2
       Unarmed           ||     1
       Constrict         ||     1
       Dagger            ||     3
 Cast: Foxfire           ||    34
       Scorch            ||    19
Armor: Skin              ||     1
Dodge: Dodged            ||    14

Table legend: (Time is in decaauts)
 A = Elapsed time spent in this place.
 B = Non-inter-level travel time spent in this place.
 C = Inter-level travel time spent in this place.
 D = Time resting spent in this place.
 E = Time spent auto-exploring this place.
 F = Levels seen in this place.
 G = Mean time per level.
                   A        B        C        D        E       F      G
               +--------+--------+--------+--------+--------+-----+--------+
         Total |   1727 |   1664 |     63 |     94 |   1188 |   2 |  863.5 |
       Dungeon |   1727 |   1664 |     63 |     94 |   1188 |   2 |  863.5 |
               +--------+--------+--------+--------+--------+-----+--------+

Top non-repeatable levels by time:
     D:1: 1545 daAuts
     D:2: 182 daAuts
